 Dungeon Crawl Stone Soup version 0.31-a0-360-gb3e1d13bf4 (webtiles) character file.

Game seed: 16696674471068056512

493 bobarctor the Purveyor of Pain (level 6, 0/41 HPs)
             Began as a Demonspawn Necromancer on July 27, 2023.
             Was an Initiate of Kikubaaqudgha.
             Slain by Duvessa
             ... wielding a +0 short sword
              (11 damage)
             ... on level 4 of the Dungeon.
             The game lasted 00:20:01 (4626 turns).

bobarctor the Purveyor of Pain (DsNe)               Turns: 4626, Time: 00:20:01

Health: 0/41       AC:  9    Str:  8    XL:     6   Next: 92%
Magic:  4/14       EV: 12    Int: 18    God:    Kikubaaqudgha [......]
Gold:   289        SH:  0    Dex: 14    Spells: 5/15 levels left

rFire   . . .        n - +4 club
rCold   . . .        (no shield)
rNeg    . . .        p - +1 robe {Will+}
rPois   .            (no helmet)
rElec   .            (no cloak)
rCorr   .            (no gloves)
SInv    .            (no boots)
Will    +....        (no amulet)
Stlth   ++           (no ring)
HPRegen 0.26/turn    (no ring)
MPRegen 0.14/turn

%: no passive effects
@: sanguine armoured
A: demonic guardian 3, sanguine armour 1
a: Renounce Religion


You were on level 4 of the Dungeon.
You worshipped Kikubaaqudgha.
Kikubaaqudgha was noncommittal.
You visited 2 branches of the dungeon, and saw 5 of its levels.

You collected 289 gold pieces.

Inventory:

Hand Weapons
 e - a +1 hand axe of electrocution
 n - a +4 club (weapon)
Missiles
 g - 50 stones
Armour
 a - a +0 robe
 p - a +1 robe of willpower (worn)
Scrolls
 d - 2 scrolls of fear {unknown}
 f - a scroll of poison {unknown}
 h - 4 scrolls of identify {unknown}
 i - a scroll of enchant weapon {unknown}
 j - a scroll of teleportation {unknown}
 s - a scroll of noise {unknown}
 v - a scroll of amnesia {unknown}
Potions
 b - a potion of magic
 c - 2 potions of degeneration {unknown}
 k - 3 potions of curing {unknown}
 l - 2 potions of mutation {unknown}
 m - a potion of lignification {unknown}
 o - 2 potions of heal wounds {unknown}
 r - a potion of haste {unknown}
 t - a potion of berserk rage {unknown}
 u - a potion of brilliance {unknown}


   Skills:
 + Level 2.0 Dodging
 + Level 2.2 Stealth
 * Level 5.4 Spellcasting
 + Level 6.2 Necromancy
 * Level 1.0 Poison Magic


You had 5 spell levels left.
You knew the following spells:

 Your Spells              Type           Power      Damage    Failure   Level
a - Necrotise             Necr           100%       1d9       1%          1
b - Vampiric Draining     Necr           27%        2d7       3%          3
c - Agony                 Necr           27%        N/A       26%         5
d - Sting                 Tmut/Pois      24%        1d4       11%         1

Your spell library contained the following spells:

 Spells                   Type           Power      Damage    Failure   Level
 Animate Dead             Necr           27%        N/A       10%         4
 Poisonous Vapours        Pois/Air       12%        N/A       16%         2
 Olgreb's Toxic Radiance  Pois           8%         N/A       63%         4


Dungeon Overview and Level Annotations

Branches:
Dungeon (4/15)             Temple (1/1) D:4

Altars:
Cheibriados
Dithmenos
Gozag
Kikubaaqudgha
Makhleb
Nemelex Xobeh
Qazlal
Trog
Uskayaw
Wu Jian
Xom
Ignis

Annotations:
D:3 Grinder
D:4 Duvessa


Innate Abilities, Weirdness & Mutations

A powerful demonic guardian rushes to your aid.
When seriously injured, your blood forms armour. (AC +6)


Message History

There is a stone staircase leading up, spattered with blood here.
You see here a +0 dagger.
You see here a +0 pair of gloves.
Duvessa goes berserk!
You see here a +0 pair of gloves.
Aiming: Necrotise (safe; 1% risk of failure)
Press: ? - help, Q - select action, (/) - cycle Shift-Dir - straight line, f - Duvessa
Aim: Duvessa, wielding a +0 short sword and wearing a +0 leather armour (berserk, chance to affect: 70%) Duvessa writhes in agony.
You hit Duvessa.
Duvessa is lightly wounded.
Duvessa hits you with a +0 short sword!
Your blood congeals into armour.
Duvessa hits you with a +0 short sword!
Casting: Necrotise (safe; 1% risk of failure)
Confirm with . or Enter, or press ? or * to list all spells.
Aiming: Vampiric Draining (dangerous; 3% risk of failure)
Press: ? - help, Shift-Dir - straight line, f/p - Duvessa
Aim: Duvessa, wielding a +0 short sword and wearing a +0 leather armour (lightly wounded, berserk)
You draw life force from Duvessa!
You feel life coursing into your body. Duvessa hits you with a +0 short sword!
Duvessa hits you with a +0 short sword.
* * * LOW HITPOINT WARNING * * *
Casting: Vampiric Draining (dangerous; 3% risk of failure)
Confirm with . or Enter, or press ? or * to list all spells.
Aiming: Vampiric Draining (dangerous; 3% risk of failure)
Press: ? - help, Shift-Dir - straight line, f/p - Duvessa
Aim: Duvessa, wielding a +0 short sword and wearing a +0 leather armour (moderately wounded, berserk)
You draw life force from Duvessa!
You feel life coursing into your body. Duvessa hits you but does no damage.
Unknown command.
Casting: Vampiric Draining (dangerous; 3% risk of failure)
Confirm with . or Enter, or press ? or * to list all spells.
Aiming: Vampiric Draining (dangerous; 3% risk of failure)
Press: ? - help, Shift-Dir - straight line, f/p - Duvessa
Aim: Duvessa, wielding a +0 short sword and wearing a +0 leather armour (heavily wounded, berserk)
You draw life force from Duvessa!
You feel life coursing into your body. Duvessa hits you with a +0 short sword!
* * * LOW HITPOINT WARNING * * *
Duvessa hits you with a +0 short sword!
You die...
Kikubaaqudgha rasps: "You have failed me!
Welcome... death!"

#..........
#.....>....
#........# #.....#
#...# ### ##[.#
#.## #..#
##.######## #e##
#..#.....# ##@#
#........# #..#
#...###### #..#
##...# #####..#
#)..####......##
##....<.)......##
###......#####...##
#.........# ##...##
#.........## ##...#


You could see Duvessa (berserk).

Vanquished Creatures
  A black bear (D:3)
  A scorpion (D:4)
  Dowan (D:4)
  A crimson imp (D:3)
  Jessica (D:2)
  Natasha (twice) (D:2)
  Terence (D:1)
  9 adders
  3 dart slugs
  3 orcs (D:4)
  3 ball pythons
  9 endoplasms
  3 giant cockroaches
  9 goblins
  2 hobgoblins
  6 jackals
  4 kobolds
  6 quokkas
  A bat (D:1)
  7 frilled lizards
  5 rats
78 creatures vanquished.

Notes
Turn   | Place    | Note
-------+----------+-------------------------------------------
     0 | D:1      | bobarctor the Demonspawn Necromancer began the quest for
                  | the Orb.
     0 | D:1      | Reached XP level 1. HP: 13/13 MP: 3/3
   134 | D:1      | Gained mutation: A weak demonic guardian rushes to your
                  | aid. [demonic ancestry]
   134 | D:1      | Reached XP level 2. HP: 19/19 MP: 0/5
   481 | D:1      | Reached skill level 5 in Necromancy
   705 | D:1      | Reached XP level 3. HP: 24/24 MP: 3/6
  1349 | D:2      | Learned a level 3 spell: Vampiric Draining
  1622 | D:2      | Noticed Natasha
  1634 | D:2      | Killed Natasha
  1635 | D:2      | Gained mutation: A demonic guardian rushes to your aid.
                  | [demonic ancestry]
  1635 | D:2      | Reached XP level 4. HP: 24/30 MP: 2/8
  2013 | D:2      | Noticed Jessica
  2130 | D:2      | Killed Jessica
  2131 | D:2      | Gained mutation: When seriously injured, your blood forms
                  | armour. (AC +6) [demonic ancestry]
  2131 | D:2      | Reached XP level 5. HP: 29/35 MP: 7/10
  2172 | D:2      | Noticed Terence
  2176 | D:2      | Noticed Natasha
  2184 | D:1      | Killed Terence
  2414 | D:2      | Killed Natasha
  2829 | D:3      | Learned a level 5 spell: Agony
  2858 | D:3      | Found a burning altar of Makhleb.
  2858 | D:3      | Found a shimmering altar of Xom.
  3023 | D:3      | Noticed Grinder
  3494 | D:4      | Learned a level 1 spell: Sting
  3507 | D:4      | Found a staircase to the Ecumenical Temple.
  3556 | Temple   | Entered the Ecumenical Temple
  3580 | Temple   | Became a worshipper of Kikubaaqudgha
  3799 | D:4      | Gained mutation: A powerful demonic guardian rushes to your
                  | aid. [demonic ancestry]
  3799 | D:4      | Reached XP level 6. HP: 37/41 MP: 8/12
  3802 | D:4      | Reached skill level 6 in Necromancy
  4095 | D:4      | Noticed Dowan
  4098 | D:4      | Noticed Duvessa
  4360 | D:3      | Reached skill level 5 in Spellcasting
  4360 | D:3      | Reached skill level 1 in Poison Magic
  4477 | D:4      | Killed Dowan
  4626 | D:4      | Slain by Duvessa

Illustrated notes

Levels and vault maps discovered:
D:1:      minmay_arrival_open_corners, layout_basic, kennysheep_pointless_box,
          serial_bayou_lagoon_a, minmay_tetromino_o4
D:2:      layout_loops_ring, basic_altar, minmay_ruptured, uniq_jessica,
          uniq_terence, uniq_natasha
D:3:      layout_basic, grunt_temple_overflow_champion_of_chaos, minmay_cupped,
          uniq_grinder
D:4:      layout_cave_pods, minmay_temple_entry_mist, uniq_duvessa
Temple:   ebering_untended_altars

Skill      XL: |  1  2  3  4  5  6 |
---------------+-------------------+-----
Necromancy     | 5 6 |  6.2
Stealth        | 2 |  2.2
Spellcasting   | 3 4 5 |  5.4
Dodging        | 2 |  2.0
Poison Magic   | 1 |  1.0

Action                     |  1- 3 |  4- 6 || total
---------------------------+-------+-------++-------
  Melee: Dagger            |    25 |       ||    25
         Punch             |     1 |       ||     1
         Club              |       |    47 ||    47
  Throw: Stone             |       |     1 ||     1
   Cast: Necrotise         |    62 |    80 ||   142
         Vampiric Draining |     1 |    12 ||    13
 Armour: Robe              |     5 |    20 ||    25
  Dodge: Dodged            |    22 |    47 ||    69

Table legend: (Time is in decaauts)
 A = Elapsed time spent in this place.
 B = Non-inter-level travel time spent in this place.
 C = Inter-level travel time spent in this place.
 D = Time resting spent in this place.
 E = Time spent auto-exploring this place.
 F = Levels seen in this place.
 G = Mean time per level.
                   A        B        C        D        E       F      G
               +--------+--------+--------+--------+--------+-----+--------+
         Total |   4684 |   4520 |    164 |    915 |   2882 |   5 |  936.8 |
       Dungeon |   4643 |   4490 |    153 |    915 |   2882 |   4 | 1160.8 |
        Temple |     41 |     30 |     11 |      0 |      0 |   1 |   41.0 |
               +--------+--------+--------+--------+--------+-----+--------+

Top non-repeatable levels by time:
     D:1: 1515 daAuts
     D:2: 1186 daAuts
     D:3: 1049 daAuts
     D:4: 891 daAuts
  Temple: 41 daAuts
